 Dungeon Crawl Stone Soup version 0.27-a0-1572-gacd6f1ce93 (webtiles) character file.

Game seed: 8931008475744771988

88 DocSulfur the Ducker (level 4, -2/33 HPs)
             Began as a Djinni Gladiator on July 17, 2021.
             Killed by divine providence
             ... invoked by an orc priest
              (10 damage)
             ... on level 3 of the Dungeon.
             The game lasted 00:05:14 (2944 turns).

DocSulfur the Ducker (Djinni Gladiator)             Turns: 2944, Time: 00:05:14

Health: -2/33      AC:  4    Str: 14    XL:     4   Next: 81%
Gold:   174        EV: 13    Int: 10    God:
                   SH:  0    Dex: 14

rFire    + + .     SeeInvis .   a - +0 long sword
rCold    x . .     Faith    .   (no shield)
rNeg     . . .     Spirit   .   b - +0 leather armour
rPois    ∞         Reflect  .   c - +0 helmet
rElec    .         Harm     .   (no cloak)
rCorr    .         Rampage  .   (no gloves)
Will     .....                  (boots unavailable)
Stlth    +.........             j - amulet of the acrobat
HPRegen  0.11/turn              (no ring)
MPRegen  0.00/turn              (no ring)

@: flying
A: sickness immunity, fire resistance 2, cold vulnerability 1, float, innate
caster, hp casting, extra vitality 1
a: no special abilities


You were on level 3 of the Dungeon.
You visited 1 branch of the dungeon, and saw 3 of its levels.

You collected 174 gold pieces.

Inventory:

Hand Weapons
 a - a +0 long sword (weapon)
Missiles
 d - 4 throwing nets (quivered)
 g - 33 stones
Armour
 b - a +0 leather armour (worn)
 c - a +0 helmet (worn)
 o - +0 fire dragon scales
Jewellery
 j - an amulet of the acrobat (around neck)
Scrolls
 f - a scroll of fog {unknown}
 h - 2 scrolls of magic mapping {unknown}
 m - a scroll of fear {unknown}
 p - a scroll of teleportation {unknown}
Potions
 e - 3 potions of brilliance {unknown}
 i - 2 potions of degeneration {unknown}
 k - 2 potions of haste {unknown}
 l - a potion of lignification {unknown}
 n - a potion of curing {unknown}


   Skills:
 - Level 2.0 Fighting
 * Level 3.4 Long Blades
 + Level 2.0 Throwing
 + Level 3.7 Dodging
 * Level 1.6 Spellcasting


You had 5 spell levels left.
You knew the following spells:

 Your Spells              Type           Power      Damage    Failure   Level
a - Animate Skeleton      Necr           8%         N/A       22%         1
Your spell library was empty.

Dungeon Overview and Level Annotations

Branches:
Dungeon (3/15)

Altars:


Innate Abilities, Weirdness & Mutations

You are immune to sickness and miasma.
You are immune to poison.
Your flesh is very heat resistant. (rF++)
You are vulnerable to cold. (rC-)
You float through the air rather than walking.
You learn spells naturally, not from books.
Your magical power is your life essence.
You have superior vitality. (+4 HP)


Message History

There is a stone staircase leading down here.
There is a stone staircase leading down here.
HP restored.
Done exploring.
There is an open door here.
There is a stone staircase leading down here.
You fly downwards.
There is a stone staircase leading up here.
The orc shouts!
You hit the orc.
The orc is lightly wounded.
The orc closely misses you. x2; You riposte.
You closely miss the orc. You closely miss the orc.
The orc hits you with a +0 whip of draining.
You barely miss the orc. The orc misses you.
You hit the orc.
The orc is heavily wounded.
The orc completely misses you.
Your leather armour prevents you from hitting the orc.
The orc is heavily wounded.
The orc hits you with a +0 whip of draining.
You slash the orc!
You kill the orc!
The orc hits you with a +0 club.
You slash the orc!
You kill the orc!
Things that are here:
a +0 club; a +0 whip of draining The orc priest shouts!
There is a stone staircase leading down here.
You hit the orc priest but do no damage.
The orc priest invokes the aid of Beogh against you.
Beogh smites you!
You hit the orc priest but do no damage.
The orc priest hits you with a +0 hand axe!
* * * LOW HITPOINT WARNING * * *
You barely miss the orc priest. The orc priest barely misses you.
The orc priest invokes the aid of Beogh against you.
Beogh smites you!
You die...

.♣.♣.♣# #......# 8...8.#
#......# .♣.♣.## #......#
.##### ####...# .# #.....#
.#############.#..##
............##.#..#
#########.#.##.#o.##########
#)#.#...@.......o.<#
#.#.####..##########
#.#......>.......
#.#######.####### #.#<..#
#.# #.###.# #.# #.....# #.#
####### #.# #.#


You could see an orc priest.

Vanquished Creatures
  An adder (D:2)
  A worm (D:3)
  4 dart slugs
  2 orcs (D:3)
  4 ball pythons
  8 bats
  6 endoplasms
  2 giant cockroaches
  9 goblins
  3 hobgoblins
  2 jackals (D:1)
  2 quokkas (D:3)
  4 frilled lizards
  5 kobolds
  8 rats
61 creatures vanquished.

Vanquished Creatures (others)
  A fungus (D:2)
  2 plants (D:2)
3 creatures vanquished.

Grand Total: 64 creatures vanquished

Notes
Turn   | Place    | Note
-------+----------+-------------------------------------------
     0 | D:1      | DocSulfur the Djinni Gladiator began the quest for the Orb.
     0 | D:1      | Reached XP level 1. HP: 18/18 MP: 0/0
   229 | D:1      | Reached XP level 2. HP: 21/23 MP: 0/0
   668 | D:1      | Reached XP level 3. HP: 26/28 MP: 0/0
   668 | D:1      | Learned a level 1 spell: Animate Skeleton
   684 | D:1      | Reached skill level 1 in Spellcasting
  1435 | D:2      | Reached XP level 4. HP: 33/33 MP: 0/0
  1763 | D:2      | Found a faded altar of an unknown god.
  2944 | D:3      | Killed from afar by an orc priest

Illustrated notes

Levels and vault maps discovered:
D:1:      elethiomel_arrival_diamonds, layout_basic,
          chequers_serial_rivers_room_b
D:2:      layout_loops_corners, shapermc_ecumenical_altar_petra, corexii_shack,
          hangedman_decor_push
D:3:      layout_basic, mainiacjoe_overflow_24_doors, kennysheep_crisscross

Skill      XL: |  1  2  3  4 |
---------------+-------------+-----
Long Blades    | 3 |  3.4
Spellcasting   | 1 |  1.6
Throwing       | 2 |  2.0
Fighting       | |  2.0
Dodging        | |  3.7

Action                   |  1- 3 |  4- 6 || total
-------------------------+-------+-------++-------
Melee: Long sword        |    88 |    72 ||   160
 Stab: Sleeping          |     1 |       ||     1
Armor: Leather armour    |    31 |    28 ||    59
Dodge: Dodged            |    80 |    59 ||   139
       Rpst.: Long sword |    26 |    17 ||    43

Table legend: (Time is in decaauts)
 A = Elapsed time spent in this place.
 B = Non-inter-level travel time spent in this place.
 C = Inter-level travel time spent in this place.
 D = Time resting spent in this place.
 E = Time spent auto-exploring this place.
 F = Levels seen in this place.
 G = Mean time per level.
                   A        B        C        D        E       F      G
               +--------+--------+--------+--------+--------+-----+--------+
         Total |   2983 |   2849 |    134 |      0 |   2015 |   3 |  994.3 |
       Dungeon |   2983 |   2849 |    134 |      0 |   2015 |   3 |  994.3 |
               +--------+--------+--------+--------+--------+-----+--------+

Top non-repeatable levels by time:
     D:2: 1370 daAuts
     D:1: 1047 daAuts
     D:3: 566 daAuts
